 Dungeon Crawl Stone Soup version 0.30-a0-1074-g5db6f66fbb (webtiles) character file.

Game seed: 10875291104142801935

464 fiver49 the Cutter (level 6, -1/51 HPs)
             Began as an Armataur Warper on Apr 14, 2023.
             Slain by a troll (5 damage)
             ... on level 5 of the Dungeon.
             The game lasted 00:10:03 (3962 turns).

fiver49 the Cutter (Armataur Warper)                Turns: 3962, Time: 00:10:03

Health: -1/51      AC:  7    Str: 16    XL:     6   Next: 80%
Magic:  8/8        EV:  8    Int: 13    God:
Gold:   299        SH:  3    Dex: 12    Spells: 8/8 levels left

rFire   + + .      SeeInvis .    I - +0 dagger (venom)
rCold   . . .      Faith    .    q - +0 buckler
rNeg    . . .      Spirit   .    G - +1 ring mail {rF+}
rPois   +          Reflect  .    L - +0 hat
rElec   .          Roll     +    (no cloak)
rCorr   .                        E - +0 pair of gloves
Will    .....                    (no barding)
Stlth   +                        C - amulet of regeneration
HPRegen 1.08/turn                k - ring of protection from fire
MPRegen 0.11/turn                o - ring of poison resistance

@: no status effects
A: large, rugged brown scales 3, deformed body, armoured tail, roll, long
tongue, awkward tongue
a: no special abilities


You were on level 5 of the Dungeon.
You visited 1 branch of the dungeon, and saw 5 of its levels.

You collected 299 gold pieces.

Inventory:

Hand Weapons
 a - a +0 falchion
 I - a +0 dagger of venom (weapon)
   (You took it off an orc on level 5 of the Dungeon)
Missiles
 d - 3 boomerangs of dispersal (quivered) {!f}
 i - a throwing net
Armour
 b - a +0 leather armour
 p - a +0 ring mail
   (You found it on level 2 of the Dungeon)
 q - a +0 buckler (worn)
   (You found it on level 2 of the Dungeon)
 E - a +0 pair of gloves (worn)
   (You found it on level 4 of the Dungeon)
 G - a +1 ring mail of fire resistance (worn)
   (You took it off an orc on level 4 of the Dungeon)
 L - a +0 hat (worn)
   (You found it on level 5 of the Dungeon)
Jewellery
 k - a ring of protection from fire (left hand)
   (You found it on level 1 of the Dungeon)
 m - a ring of wizardry
   (You found it on level 2 of the Dungeon)
 n - a ring of ice
   (You found it on level 2 of the Dungeon)
 o - a ring of poison resistance (right hand)
   (You found it on level 2 of the Dungeon)
 C - an amulet of regeneration (around neck)
   (You found it on level 4 of the Dungeon)
 D - an amulet of guardian spirit
   (You found it on level 4 of the Dungeon)
 H - an amulet of the acrobat
   (You found it on level 5 of the Dungeon)
Scrolls
 c - 2 scrolls of blinking
 f - 3 scrolls of poison {unknown}
 g - 7 scrolls of teleportation {unknown}
 j - a scroll of silence {unknown}
 s - 3 scrolls of vulnerability {unknown}
 t - a scroll of fear {unknown}
 y - a scroll of noise {unknown}
 z - 5 scrolls of identify {unknown}
 A - a scroll of amnesia {unknown}
 F - a scroll of enchant armour {unknown}
 J - a scroll of fog {unknown}
 K - a scroll of torment {unknown}
Potions
 e - a potion of might {unknown}
 h - 3 potions of heal wounds {unknown}
 l - a potion of mutation {unknown}
 r - a potion of invisibility {unknown}
 u - 3 potions of berserk rage {unknown}
 v - a potion of degeneration {unknown}
 w - a potion of curing {unknown}
 x - 5 potions of flight {unknown}
 M - a potion of attraction {unknown}


   Skills:
 - Level 1.7 Fighting
 + Level 6.4(6.5) Short Blades
 - Level 1.7(4.4) Long Blades
 - Level 0.8 Throwing
 - Level 1.2 Armour
 - Level 1.3 Dodging
 - Level 1.7 Spellcasting
 - Level 3.0 Translocations


You had 8 spell levels left.
You didn't know any spells.
Your spell library contained the following spells:

 Spells                   Type           Power      Damage    Failure   Level
 Blink                    Tloc           16%        N/A       28%         2
 Lesser Beckoning         Tloc           16%        N/A       28%         2
 Teleport Other           Tloc           8%         N/A       50%         3
 Vhi's Electric Charge    Tloc/Air       10%        N/A       71%         3
 Manifold Assault         Tloc           8%         N/A       88%         4


Dungeon Overview and Level Annotations

Branches:
Dungeon (5/15)
 Temple: D:4-7

Altars:
The Shining One


Innate Abilities, Weirdness & Mutations

You are completely covered in rugged brown scales. (AC +3, +7% HP)
Armour fits poorly on your strangely shaped body.
You have a long armoured tail.
You roll when moving toward enemies. (Rampage)
Your long tongue fully drains potion bottles. (2x potion effects)
Your tongue gives you trouble enunciating. (1.5x scroll delay)


Message History

Your tail-slap misses the gnoll.
The gnoll is heavily wounded.
You block the gnoll's attack.
You hit the gnoll.
You kill the gnoll!
You hit the gnoll.
The gnoll is poisoned.
Your tail-slap misses the gnoll.
The gnoll is lightly wounded.
The gnoll barely misses you.
You hit the gnoll.
The gnoll is moderately wounded.
The gnoll closely misses you.
You hit the gnoll.
The gnoll looks as sick as possible!
The gnoll is severely wounded.
The gnoll completely misses you.
You barely miss the gnoll.
The gnoll is almost dead.
You kill the gnoll!
Items here: ))) [.
B - 4 poisoned darts (gained 1)
You see here a +1 heavy hand axe.
You see here a +1 hand axe of distortion.
An adder comes into view.
The adder hisses angrily.
You miss the adder. The adder closely misses you.
You hit the adder.
The adder is moderately wounded.
You closely miss the adder.
The adder is moderately wounded.
The adder bites you but does no damage.
You miss the adder.
Your tail-slap misses the adder.
The adder is moderately wounded.
The adder bites you but does no damage.
You closely miss the adder.
The adder is moderately wounded.
The adder bites you.
You barely miss the adder.
The adder is moderately wounded.
The adder bites you.
You completely miss the adder. You tail-slap the adder!
You kill the adder!
No target in view!
No target in view!
An orc and a troll come into view.
The orc shouts!
The troll shouts!
You hear a shout!
An orc comes into view. It is wielding a +0 hand axe.
Throw: 4 darts (poison)
Press: ? - help, Q - select action, (/) - cycle Shift-Dir - straight line, f - troll
Aim: a troll (56% to hit)
You throw a poisoned dart. The poisoned dart hits the troll.
The troll is poisoned.
An orc comes into view. It is wielding a +0 hand axe.
Throw: 3 darts (poison)
Press: ? - help, Q - select action, (/) - cycle Shift-Dir - straight line, f/p - troll
Aim: a troll (lightly wounded, poisoned, 56% to hit)
You throw a poisoned dart.
The poisoned dart closely misses the troll.
The orc shouts!
An orc comes into view. It is wielding a +0 club.
Throw: 2 darts (poison)
Press: ? - help, Q - select action, (/) - cycle Shift-Dir - straight line, f/p - troll
Aim: a troll (lightly wounded, poisoned, 56% to hit)
You throw a poisoned dart. The poisoned dart hits the troll.
The troll is lightly wounded.
The orc shouts!
The troll looks more healthy.
You see here an adder corpse.
Throw: dart (poison)
Press: ? - help, Q - select action, (/) - cycle Shift-Dir - straight line, f/p - troll
Aim: a troll (lightly wounded, 56% to hit)
You throw a poisoned dart.
The poisoned dart closely misses the troll.
You barely miss the troll. You hit the troll.
The troll is poisoned.
The troll is lightly wounded.
The troll completely misses you. The troll closely misses you.
The troll claws you but does no damage.
You barely miss the troll.
The troll is lightly wounded.
The troll bites you but does no damage. The troll claws you.
The troll claws you!
You hit the troll.
The troll looks as sick as possible!
The troll is lightly wounded.
The troll attacks as you move away! You block the troll's attack. x2
The troll claws you.
Press: ? - help, v - describe, . - travel
Here: a troll (moderately wounded, very poisoned)
The floor.
You barely miss the troll.
The troll is moderately wounded.
The troll bites you. The troll barely misses you. The troll claws you.
You hit the troll.
The troll is heavily wounded.
The troll bites you! The troll claws you!
The troll claws you but does no damage. The troll attacks as you move away!
The troll bites you.
* * * LOW HITPOINT WARNING * * *
The troll claws you!
* * * LOW HITPOINT WARNING * * *
The troll claws you.
You die...

#.###.................##
#.........#####.#####.#
########### #.#####.#
#......)# #.####### #.#
#.# ######### ####.####
#.....@.# #.......#
#.#####T# #.##^##.# #.#
#.......#
####o###..#.#..#
#...oo†o....(#.#
#.##.###.......#### #
#.# #........... ..#
##.#.##.#### ####
#......#


You could see a troll (very poisoned) and 3 orcs.

Vanquished Creatures
  A scorpion (D:5)
  An orc priest (D:5)
  A gnoll bouda (D:5)
  2 iguanas
  3 orc wizards
  3 gnolls (D:5)
  7 adders
  3 worms (D:2)
  2 dart slugs (D:2)
  14 orcs
  5 bats
  7 endoplasms
  4 giant cockroaches
  5 goblins
  7 hobgoblins
  12 jackals
  8 kobolds
  4 quokkas
  3 ball pythons
  4 frilled lizards
  9 rats
105 creatures vanquished.

Notes
Turn   | Place    | Note
-------+----------+-------------------------------------------
     0 | D:1      | fiver49 the Armataur Warper began the quest for the Orb.
     0 | D:1      | Reached XP level 1. HP: 18/18 MP: 3/3
    58 | D:1      | Reached skill level 1 in Short Blades
   158 | D:1      | Found a faded altar of an unknown god.
   220 | D:1      | Reached XP level 2. HP: 22/25 MP: 4/4
   392 | D:1      | Reached skill level 2 in Short Blades
   746 | D:2      | Reached XP level 3. HP: 30/31 MP: 5/5
   879 | D:2      | Reached skill level 3 in Short Blades
  1260 | D:2      | Reached XP level 4. HP: 37/38 MP: 6/6
  1686 | D:3      | Found a glowing golden altar of the Shining One.
  2031 | D:3      | Reached skill level 4 in Short Blades
  2417 | D:3      | Reached XP level 5. HP: 26/43 MP: 7/7
  3099 | D:5      | Entered Level 5 of the Dungeon
  3209 | D:5      | Noticed an ogre
  3360 | D:4      | Reached skill level 5 in Short Blades
  3398 | D:5      | Reached XP level 6. HP: 50/51 MP: 8/8
  3604 | D:4      | Reached skill level 6 in Short Blades
  3939 | D:5      | Noticed a troll
  3962 | D:5      | HP: 4/51 [troll (9)]
  3962 | D:5      | Slain by a troll

Illustrated notes

Levels and vault maps discovered:
D:1:      spicycebolla_green_bress_n_ham, layout_basic,
          dreamdust_ecumenical_altar_angels_and_demons, serial_rivers,
          chequers_serial_rivers_micro_a, chequers_serial_rivers_micro_e,
          chequers_serial_rivers_micro_d, chequers_serial_rivers_micro_c,
          chequers_serial_rivers_room_b, st_stairs_4
D:2:      layout_basic
D:3:      layout_basic, nicolae_tso_carved_into_rock
D:4:      layout_cave_pools
D:5:      layout_loops_corners

Skill      XL: |  1  2  3  4  5  6 |
---------------+-------------------+-----
Short Blades   | 1 2 3 4 5 6 |  6.4
Fighting       | |  1.7
Long Blades    | |  1.7
Throwing       | |  0.8
Armour         | |  1.2
Dodging        | |  1.3
Spellcasting   | |  1.7
Translocations | |  3.0

Action                     |  1- 3 |  4- 6 || total
---------------------------+-------+-------++-------
  Melee: Falchion          |   169 |   250 ||   419
         Tailslap          |    17 |    29 ||    46
         Punch             |     4 |       ||     4
         Dagger            |       |    44 ||    44
  Throw: Dart              |       |    15 ||    15
         Boomerang         |       |     4 ||     4
 Armour: Leather armour    |    60 |       ||    60
         Ring mail         |    14 |   143 ||   157
  Dodge: Dodged            |    92 |   124 ||   216
  Block: Buckler           |       |    31 ||    31

Table legend: (Time is in decaauts)
 A = Elapsed time spent in this place.
 B = Non-inter-level travel time spent in this place.
 C = Inter-level travel time spent in this place.
 D = Time resting spent in this place.
 E = Time spent auto-exploring this place.
 F = Levels seen in this place.
 G = Mean time per level.
                   A        B        C        D        E       F      G
               +--------+--------+--------+--------+--------+-----+--------+
         Total |   4027 |   3890 |    137 |     74 |   2698 |   5 |  805.4 |
       Dungeon |   4027 |   3890 |    137 |     74 |   2698 |   5 |  805.4 |
               +--------+--------+--------+--------+--------+-----+--------+

Top non-repeatable levels by time:
     D:2: 894 daAuts
     D:3: 891 daAuts
     D:4: 790 daAuts
     D:1: 731 daAuts
     D:5: 718 daAuts

Table legend:
 A = Kills in this place as a percentage of kills in the entire game.
 B = Kills by you in this place as a percentage of kills by you in the entire game.
 C = Kills by friends in this place as a percentage of kills by friends in the entire game.
 D = Other kills in this place as a percentage of other kills in the entire game.
 E = Experience gained in this place as a percentage of experience gained in the entire game.
 F = Experience gained in this place divided by the number of levels of this place that you have seen.
                   A       B       C       D       E      F
               +-------+-------+-------+-------+-------+----------------------
         Total | 100.0 | 100.0 |   N/A |   N/A | 100.0 | 132.6
       Dungeon | 100.0 | 100.0 |   N/A |   N/A | 100.0 | 132.6
               +-------+-------+-------+-------+-------+----------------------
